cohdb
Replays
Latest Replays
All Replays
Popular Replays
Top Player Replays
Match Explorer
How It Works
Community
CoH3 Stats
Reddit
Sign in to upload your games and track your stats! →
Sign in with Steam
Match 45712538
Unlisted
Match 45712538
Overview
Messages
Build Orders
End
Selects Special Operations Battlegroup
Selects M29 Weasel Recon Vehicle
Construct Barracks
M29 Weasel Recon Vehicle
Riflemen Squad
Riflemen Squad
M1 Mortar Team
Mechanized Support Center
Grenade Package
Engineer Squad
M1918 Browning Automatic Rifles
Selects Raiding Flares
Selects SSF Commando Squad
SSF Commando Squad
Construct Motor Pool
SSF Commando Squad
M8 Greyhound Armored Car
Designate Forward Repair Station
Bran
akkhs2lee
Mike498 | Братство |
comfo
0
0
Comments
sign in to comment!
No comments posted yet!